 Dungeon Crawl Stone Soup version 0.29-a0-993-g4a18f31a58 (webtiles) character file.

Game seed: 4735984691346180267

1 Newt the Charlatan (level 1, 0/12 HPs)
             Began as a Kobold Artificer on Aug 2, 2022.
             Slain by a hobgoblin (3 damage)
             ... on level 1 of the Dungeon.
             The game lasted 00:00:18 (60 turns).

Newt the Charlatan (Kobold Artificer)                 Turns: 60, Time: 00:00:19

Health: 0/12       AC:  3    Str:  9    XL:     1   Next: 22%
Magic:  1/1        EV: 14    Int: 12    God:
Gold:   10         SH:  0    Dex: 15    Spells: 0/0 levels left

rFire   . . .      SeeInvis .   a - +0 club
rCold   . . .      Faith    .   (no shield)
rNeg    . . .      Spirit   .   b - +0 leather armour
rPois   .          Reflect  .   (no helmet)
rElec   .          Harm     .   (no cloak)
rCorr   .          Rampage  .   (no gloves)
Will    .....                   (no boots)
Stlth   +++.......              (no amulet)
HPRegen 0.04/turn               (no ring)
MPRegen 0.07/turn               (no ring)

@: lethally poisoned (0 -> -17)
A: small, no large weapons, nightstalker 3
a: no special abilities


You were on level 1 of the Dungeon.
You visited 1 branch of the dungeon, and saw 1 of its levels.

You collected 10 gold pieces.

Inventory:

Hand Weapons
 a - a +0 club (weapon)
Armour
 b - a +0 leather armour (worn)
Wands
 c - a wand of flame (15) (quivered)
 d - a wand of charming (15)
 e - a wand of iceblast (9)
Potions
 f - a potion of invisibility {unknown}


   Skills:
 + Level 1.1 Fighting
 + Level 0.7 Armour
 + Level 2.4 Dodging
 + Level 1.3 Stealth
 + Level 3.7 Evocations


You couldn't memorise any spells.
You didn't know any spells.
Your spell library was empty.

Dungeon Overview and Level Annotations

Branches:
Dungeon (1/15)

Altars:


Innate Abilities, Weirdness & Mutations

You are small and have problems with some larger weapons.
You are completely attuned to the shadows.


Message History

Found a staircase leading out of the dungeon.
Found a stone staircase leading down.
You now have 10 gold pieces.
A goblin comes into view. It is wielding a +0 dagger.
The helpless goblin fails to defend itself.
You hit the goblin.
The goblin is heavily wounded.
The goblin hits you with a +0 dagger.
A goblin is nearby!
You hit the goblin.
You kill the goblin!
No target in view!
No target in view!
HP restored.
f - a purple potion A hobgoblin comes into view.
The hobgoblin shouts!
You hear a shout!
A goblin comes into view. It is wielding a +0 dagger of venom.
There are monsters nearby!
A bat comes into view.
You hit the hobgoblin.
The hobgoblin is almost dead.
The bat hits you but does no damage. The hobgoblin completely misses you.
The bat closely misses you.
You hit the hobgoblin but do no damage.
The hobgoblin is almost dead.
The bat barely misses you.
The goblin hits you with a +0 dagger of venom.
You are lethally poisoned!
The hobgoblin barely misses you. x2
A goblin comes into view. It is wielding a +0 club.
The goblin hits you with a +0 dagger of venom.
You are more poisoned.
You barely miss the hobgoblin.
The hobgoblin is almost dead.
Ouch! That really hurt!
* * * LOW HITPOINT WARNING * * *
You feel extremely sick. The bat hits you but does no damage.
The hobgoblin hits you.
You die...

#... ###...
....### ##
###...)#
.##8###8#....#
...g......####
..$g@.......>#.
...b.......#...
g##8###8#......
## ###......
#.....#
...#.###
....#.# ....#.#
#.### .


You could see a hobgoblin, 2 goblins and a bat.

Vanquished Creatures
  A goblin (D:1)
1 creature vanquished.

Notes
Turn   | Place    | Note
-------+----------+-------------------------------------------
     0 | D:1      | Newt the Kobold Artificer began the quest for the Orb.
     0 | D:1      | Reached XP level 1. HP: 12/12 MP: 1/1
    60 | D:1      | Slain by a hobgoblin

Illustrated notes

Levels and vault maps discovered:
D:1:      eino_arrival_water_cross, layout_rooms, serial_corexii_hall,
          corexii_hall_statues_x, chequers_hall_statues_y,
          chequers_hall_statues_wall_a, corexii_hall_statues_x,
          minmay_pentomino_x4

Action                   || total
-------------------------++-------
Melee: Club              ||     5
 Stab: Sleeping          ||     1
Armor: Leather armour    ||     2
Dodge: Dodged            ||     5

Table legend: (Time is in decaauts)
 A = Elapsed time spent in this place.
 B = Non-inter-level travel time spent in this place.
 C = Inter-level travel time spent in this place.
 D = Time resting spent in this place.
 E = Time spent auto-exploring this place.
 F = Levels seen in this place.
 G = Mean time per level.
                   A        B        C        D        E       F      G
               +--------+--------+--------+--------+--------+-----+--------+
         Total |     61 |     61 |      0 |      0 |     48 |   1 |   61.0 |
       Dungeon |     61 |     61 |      0 |      0 |     48 |   1 |   61.0 |
               +--------+--------+--------+--------+--------+-----+--------+

Top non-repeatable levels by time:
     D:1: 61 daAuts
